 Dungeon Crawl Stone Soup version 0.31-a0-145-g046c7d2549 (webtiles) character file.

Game seed: 2365147397605592633

106 avis the Chopper (level 4, -3/41 HPs)
             Began as a Hill Orc Fighter on June 7, 2023.
             Slain by a river rat (6 damage)
             ... on level 3 of the Dungeon.
             The game lasted 00:10:18 (1780 turns).

avis the Chopper (Hill Orc Fighter)                 Turns: 1780, Time: 00:10:19

Health: -3/41      AC:  9    Str: 20    XL:     4   Next: 84%
Magic:  4/4        EV:  9    Int:  8    God:
Gold:   105        SH:  4    Dex: 10    Spells: 3/3 levels left

rFire   . . .        a - +0 war axe
rCold   . . .        c - +0 buckler
rNeg    . . .        b - +0 scale mail
rPois   .            (no helmet)
rElec   .            n - +0 cloak
rCorr   .            (no gloves)
SInv    .            k - +0 pair of boots
Will    .....        (no amulet) Stlth
                     (no ring)
HPRegen 0.26/turn    (no ring)
MPRegen 0.09/turn

%: no passive effects
@: hasted, slow
A: no striking features
a: no special abilities


You were on level 3 of the Dungeon.
You visited 1 branch of the dungeon, and saw 3 of its levels.

You collected 105 gold pieces.

Inventory:

Hand Weapons
 a - a +0 war axe (weapon)
 g - a +1 heavy hand axe
 h - a +0 sling
Missiles
 i - 6 boomerangs (quivered)
Armour
 b - a +0 scale mail (worn)
 c - a +0 buckler (worn)
 k - a +0 pair of boots (worn)
 n - a +0 cloak (worn)
Scrolls
 j - 3 scrolls of identify {unknown}
 l - a scroll of noise {unknown}
Potions
 d - a potion of might
 e - a potion of degeneration {unknown}


   Skills:
 + Level 4.7 Fighting
 * Level 5.5 Axes
 - Level 3.2 Armour
 - Level 3.2 Shields


You had 3 spell levels left.
You didn't know any spells.
Your spell library was empty.

Dungeon Overview and Level Annotations

Branches:
Dungeon (3/15)

Altars:


Message History

You kill the worm!
Your extra speed is starting to run out.
You see here a worm corpse.
You feel yourself slow down.
Things that are here:
a rat corpse; an adder corpse You feel yourself speed up.
An adder and a river rat come into view.
The adder hisses angrily.
You block the river rat's attack.
You barely miss the river rat. The river rat bites you.
* * * LOW HITPOINT WARNING * * *
You closely miss the river rat.
The river rat bites you but does no damage.
You slash the river rat!
The river rat is almost dead.
The river rat bites you!
* * * LOW HITPOINT WARNING * * *
The river rat bites you but does no damage.
You feel yourself speed up. The river rat completely misses you.
Your unstable footing causes you to fumble your attack.
The river rat bites you but does no damage.
You closely miss the river rat.
The river rat is almost dead.
Your unstable footing causes you to fumble your attack.
You recover from your berserk rage.
The river rat closely misses you.
Your unstable footing causes you to fumble your attack.
The river rat bites you.
* * * LOW HITPOINT WARNING * * *
Your unstable footing causes you to fumble your attack.
The river rat bites you but does no damage.
Your unstable footing causes you to fumble your attack.
The river rat bites you but does no damage.
Your unstable footing causes you to fumble your attack.
You block the river rat's attack.
You hit the river rat but do no damage.
The river rat is almost dead.
The river rat bites you.
You die...

#######.###### #
#########~~....#.###
#~~†~~~~#~~~........
##~#######~#...##+###
#~~~~†~†~#~~~.......#
########~#~#~.......#
#~~~~†#~~~~......#
#~~~~#~#~#~#~.......#
### #@#~#†#~.......#
#~~~Sr~#~~~#..........
############..........
.........##.......
.[.......# .......
.........# #######
#######+##


You could see an adder and a river rat.

Vanquished Creatures
  3 adders (D:3)
  A river rat (D:3)
  6 worms
  A dart slug (D:2)
  3 ball pythons
  3 endoplasms
  4 giant cockroaches
  3 goblins
  5 hobgoblins
  6 jackals (D:1)
  4 kobolds
  A quokka (D:1)
  A bat (D:2)
  2 frilled lizards (D:2)
  10 rats
53 creatures vanquished.

Notes
Turn   | Place    | Note
-------+----------+-------------------------------------------
     0 | D:1      | avis the Hill Orc Fighter began the quest for the Orb.
     0 | D:1      | Reached XP level 1. HP: 19/19 MP: 1/1
   117 | D:1      | Reached skill level 3 in Axes
   119 | D:1      | Reached XP level 2. HP: 27/27 MP: 2/2
   560 | D:1      | Reached skill level 4 in Axes
   635 | D:1      | Reached XP level 3. HP: 31/33 MP: 3/3
  1640 | D:3      | Reached XP level 4. HP: 24/41 MP: 4/4
  1658 | D:3      | Reached skill level 5 in Axes
  1729 | D:3      | HP: 2/41 [worm (4)]
  1739 | D:3      | HP: 3/61 [rat (2)]
  1780 | D:3      | Slain by a river rat

Illustrated notes

Levels and vault maps discovered:
D:1:      minmay_arrival_doors, layout_basic
D:2:      layout_basic, roderic_roman_lattice
D:3:      layout_basic, lightli_sewer_entry_pipes, serial_glass,
          glass_columns_c, glass_columns_a, nicolae_grassy_gnolls, uniq_jessica

Skill      XL: |  1  2  3  4 |
---------------+-------------+-----
Axes           | 3 4 5 |  5.5
Fighting       | 4 |  4.7
Armour         | |  3.2
Shields        | |  3.2

Action                     |  1- 3 |  4- 6 || total
---------------------------+-------+-------++-------
  Melee: War axe           |    95 |    79 ||   174
    Use: Potion            |       |     3 ||     3
 Armour: Scale mail        |    30 |    40 ||    70
  Dodge: Dodged            |    38 |    26 ||    64
  Block: Buckler           |    21 |     9 ||    30

Table legend: (Time is in decaauts)
 A = Elapsed time spent in this place.
 B = Non-inter-level travel time spent in this place.
 C = Inter-level travel time spent in this place.
 D = Time resting spent in this place.
 E = Time spent auto-exploring this place.
 F = Levels seen in this place.
 G = Mean time per level.
                   A        B        C        D        E       F      G
               +--------+--------+--------+--------+--------+-----+--------+
         Total |   1846 |   1573 |    273 |      8 |    910 |   3 |  615.3 |
       Dungeon |   1846 |   1573 |    273 |      8 |    910 |   3 |  615.3 |
               +--------+--------+--------+--------+--------+-----+--------+

Top non-repeatable levels by time:
     D:1: 876 daAuts
     D:2: 737 daAuts
     D:3: 231 daAuts
